 Dungeon Crawl Stone Soup version 0.16-a0-3749-g20dbed2 (webtiles) character file.

84989 PolkaDot the Maledictor (level 15, 0/90 HPs)
             Began as a Vampire Enchanter on Jan 23, 2015.
             Was the Champion of Makhleb.
             Slain by a five-headed hydra (15 damage)
             ... on level 2 of the Swamp.
             The game lasted 01:53:06 (29431 turns).

PolkaDot the Maledictor (Vampire Enchanter)        Turns: 29431, Time: 01:53:06

Health: 0/90       AC: 18    Str:  6    XL:     15   Next: 36%
Magic:  7/22       EV: 13    Int: 23    God:    Makhleb [******]
Gold:   1828       SH:  0    Dex: 14    Spells: 7 memorised, 2 levels left

rFire  . . .     SeeInvis +     a - +8 short sword "Psuehaot" {vamp, +Inv rElec rC+}
rCold  + + +     Clarity  .     t - +3 troll leather armour
rNeg   + + +     SustAb   +     (no shield)
rPois  ∞         Gourm    .     m - +2 helmet
rElec  +         Spirit   .     Q - +2 cloak
rCorr  .         Warding  .     o - +0 pair of gloves
rMut   .         Stasis   .     L - +1 pair of boots {Fly}
MR     +....                    n - amulet of regeneration
Stlth  +++++++++.               (no ring)
                                e - ring "Xiober" {SustAb rPois+}

@: lethally poisoned, flying, bloodless, non-regenerating, somewhat resistant to
hostile enchantments, incredibly stealthy
A: bottle blood, fangs 3, repulsion field 1, slimy green scales 1, see
invisible, clever 1, weak 1, unbreathing
a: Bat Form, Minor Destruction, Lesser Servant of Makhleb, Major Destruction,
Greater Servant of Makhleb, Renounce Religion, Evoke Invisibility, Stop Flying


You were on level 2 of the Swamp.
You worshipped Makhleb.
Makhleb was exalted by your worship.
You were bloodless.

You visited 3 branches of the dungeon, and saw 25 of its levels.
You also visited: Labyrinth, Sewer, Bailey and Ice Cave.

You collected 1828 gold pieces.

Inventory:

Hand weapons
 a - the +8 short sword "Psuehaot" (weapon) {vamp, +Inv rElec rC+}
   (You found it on level 8 of the Lair of Beasts)

   It inflicts no extra harm, but heals its wielder somewhat when it strikes a
   living foe.
   It protects you from cold.
   It insulates you from electricity.
   It lets you turn invisible.
 b - a +9 dagger of speed
Missiles
 q - 4 throwing nets (quivered)
Armour
 m - a +2 helmet (worn)
 o - a +0 pair of gloves (worn)
 t - a +3 troll leather armour (worn)
 L - a +1 pair of boots of flying (worn)
 Q - a +2 cloak (worn)
Rods
 C - a -2 rod of shadows (11/11)
   (You found it on level 8 of the Dungeon)
 Z - a +3 rod of the swarm (10/10)
   (You found it on level 1 of the Swamp)
Jewellery
 e - the ring "Xiober" (left hand) {SustAb rPois+}
   (You found it in a bailey)

   [ring of sustain abilities]

   It sustains your strength, intelligence and dexterity.
   It protects you from poison.
 n - an amulet of regeneration (around neck)
 F - an uncursed ring of teleportation
Magical devices
 c - a wand of cold (3)
 u - a wand of disintegration (19)
 H - a wand of fireball (4)
Scrolls
 d - 8 scrolls of recharging
 f - 10 scrolls of remove curse
 g - 7 scrolls of teleportation
 h - 3 scrolls of blinking
 i - 4 scrolls of fog
 l - 2 scrolls of fear
 y - 3 scrolls of amnesia
 B - 13 scrolls of identify
 T - a scroll of magic mapping
Potions
 r - 7 potions of blood {@*1}
 A - 4 potions of cancellation
 D - 2 potions of haste
 J - a potion of heal wounds
 P - a potion of resistance
 S - 2 potions of agility
 X - a potion of curing
 Y - 5 potions of restore abilities
Books
 s - a book of the Sky

   Spells                             Type                      Level
   a - Flight                         Charms/Air                   3
   b - Airstrike                      Air                          4
   c - Silence                        Hexes/Air                    5
   d - Deflect Missiles               Charms/Air                   6
   e - Conjure Ball Lightning         Conjuration/Air              6
   f - Tornado                        Air                          9


   Skills:
 - Level 14.3 Short Blades
 - Level 2.1 Dodging
 + Level 19.8 Stealth
 - Level 2.0 Spellcasting
 + Level 24.5 Hexes
 - Level 1.0 Ice Magic
 * Level 4.1 Evocations


You had 2 spell levels left.
You knew the following spells:

 Your Spells              Type           Power        Failure   Level  Hunger
a - Corona                Hex            #######      0%          1    #......
b - Sure Blade            Hex/Chrm       ######....   1%          2    ##.....
c - Confuse               Hex            #######.     0%          3    ###....
d - Ensorcelled Hibernat  Hex/Ice        ######       1%          2    ##.....
e - Enslavement           Hex            #######.     0%          4    #####..
s - Dazzling Spray        Conj/Hex       ######..     1%          3    ###....
A - Apportation           Tloc           #.........   21%         1    #......


Dungeon Overview and Level Annotations

Branches:
Dungeon (15/15)            Temple (0/1) D:6            Lair (8/8) D:10
  Swamp (2/5) Lair:5       Spider (0/5) Lair:5        Slime (0/6) Lair:8
    Orc (0/4) D:10         Vaults (0/5) D:14         Depths (0/5) D:15

Altars:
Ashenzari
Elyvilon
Makhleb
Ru
Sif Muna
Vehumet
Xom
Yredelemnul
Zin
The Shining One
Jiyva

Shops:
D:14 }

Portals:
Trove: D:14 (show abyssal rune of Zot)

Annotations:
D:2 runed door
D:12 runed door
D:14 runed door


Innate Abilities, Weirdness & Mutations

You do not heal naturally.
You can bottle blood from corpses.
You have razor-sharp teeth.
You have supernaturally acute eyesight.
You can survive without breathing.
You are surrounded by a mild repulsion field (EV +2).
You are partially covered in slimy green scales (AC +2).
Your mind is acute. (Int +2)
You are weak. (Str -2)


Message History

The five-headed hydra bites you!
* * * LOW HITPOINT WARNING * * *
The five-headed hydra bites you but does no damage.
The five-headed hydra bites you!
* * * LOW HITPOINT WARNING * * *
The five-headed hydra bites you!
* * * LOW HITPOINT WARNING * * *
Drink which item? (? for menu, Esc to quit)
Okay, then.
Read which item? (? for menu, Esc to quit)
As you read the scroll of fear, it crumbles to dust.
You assume a fearsome visage.
The insubstantial wisp is unaffected.
The insubstantial wisp is unaffected. x3
The five-headed hydra resists with some effort.
The five-headed hydra bites you but does no damage.
The five-headed hydra bites you.
* * * LOW HITPOINT WARNING * * *
The five-headed hydra bites you but does no damage. x2
The five-headed hydra bites you!
You die...

≈≈....≈≈≈.≈♣♣♣♣♣
♣≈≈..≈≈≈≈≈..♣♣
≈..≈≈≈.≈≈≈≈..♣♣ ♣♣ ♣.
...≈.≈♣..≈≈≈≈.♣♣♣≈♣♣♣.≈
≈≈...♣♣♣.≈≈≈≈≈♣♣≈....♣
≈≈..♣♣ ♣..≈≈≈≈≈♣...§≈♣
..♣♣♣ ♣♣.≈≈≈....[.♣
...♣ ♣....≈♣♣♣..♣♣ ≈≈.♣
♣.≈..♣♣♣.@♣♣ ≈≈.♣
♣♣.≈♣♣♣vD≈≈≈≈≈♣ ..≈♣
♣.♣ ♣.v♣≈≈≈≈≈≈♣ .♣♣♣ ♣
♣..§§≈≈♣.≈.≈♣ ♣♣
...≈≈≈v≈.≈..≈♣ ♣♣
♣♣♣♣♣♣..v≈≈.....=. .♣
♣...♣..≈.≈≈...... ≈♣
♣♣≈.♣ .≈≈≈≈.$.⌠.
≈♣♣♣♣♣...♣ ≈≈..


You could see a five-headed hydra and 4 insubstantial wisps.

Vanquished Creatures
  Rupert (Lair:6)
  A fire giant (D:15)
  Maud (Lair:7)
  The ghost of cribozai the Black Belt, a powerful DrTm (Lair:8)
  The ghost of wojtek the Slicer, a powerful KoAs of Makhleb (Lair:7)
  A minotaur (Lab)
  An ettin (D:14)
  6 hydras
  Nessos (D:15)
  Erica (D:14)
  2 alligators (Swamp:1)
  2 centaur warriors
  5 death yaks (Lair:4)
  A catoblepas (D:14)
  2 ice devils (IceCv)
  Erolcha (D:9)
  8 hill giants
  4 unseen horrors
  2 wizards (D:14)
  An orc knight (Bailey)
  The ghost of Tyryt0 the Blocker, an experienced FoFi of Trog (D:6)
  A necromancer (IceCv)
  2 manticores
  2 cyclopes
  6 ugly things
  5 elephants (Lair:5)
  Maurice (D:12)
  2 black mambas
  Joseph (D:10)
  A gargoyle (D:11)
  24 spiny frogs
  A centaur skeleton (D:13)
  A kobold demonologist (D:12)
  6 komodo dragons
  An efreet (D:14)
  2 fire drakes
  8 blue devils (IceCv)
  4 trolls
  A polar bear (Lair:7)
  3 giant leeches
  4 two-headed ogres
  3 wandering mushrooms (D:10)
  13 blink frogs
  6 slime creatures
  A boulder beetle (Lair:8)
  A bog body (Swamp:1)
  3 basilisks
  A trapdoor spider (D:13)
  5 deep elf magi
  2 spriggans
  2 shadows
  A wraith (D:15)
  31 yaks
  Grum (D:8)
  A vampire (D:13)
  A human (D:2)
  12 hippogriffs
  5 vampire mosquitoes (Lair:8)
  14 insubstantial wisps
  12 wolves
  Edmund (D:6)
  A mottled dragon (D:13)
  16 swamp worms
  10 water moccasins
  10 porcupines
  3 swamp drakes
  2 sky beasts
  4 wasps
  3 phantoms
  Purgy (Sewer)
  3 ice beasts
  An eye of draining (D:12)
  7 orc warriors
  8 spiders (Lair:5)
  A necrophage (D:11)
  6 ogres
  A black bear (D:7)
  A boggart (D:14)
  14 crocodiles
  A boring beetle (Lair:7)
  9 centaurs
  A gnoll sergeant (D:7)
  Blork the orc (D:6)
  33 giant frogs
  2 wyvern skeletons
  3 scorpions
  6 killer bees
  3 wights (D:8)
  A wasp zombie (D:8)
  6 crimson imps
  2 lava snakes (D:14)
  4 centaur zombies
  8 electric eels
  A gnoll shaman (D:9)
  2 goliath beetles
  A quasit (D:10)
  3 giant frog zombies
  A giant frog skeleton (D:13)
  10 hounds
  3 draconian simulacra (IceCv)
  7 jellies
  8 orc priests
  8 iguanas
  4 troll simulacra (IceCv)
  11 worker ants
  17 orc wizards
  A hell rat (D:10)
  A killer bee zombie (D:6)
  28 sheep
  Ijyb (D:6)
  A centaur simulacrum (IceCv)
  A hound zombie (D:7)
  Terence (D:2)
  2 ogre simulacra (IceCv)
  37 adders
  12 gnolls
  36 river rats
  2 worker ant zombies
  5 giant mites
  2 shadow imps
  12 white imps (Lair:1)
  A worm (D:5)
  3 adder skeletons
  4 giant geckos
  4 oozes
  57 orcs
  10 bats
  5 giant cockroaches
  20 goblins
  20 hobgoblins
  3 jackals (D:9)
  19 quokkas
  7 ball pythons
  6 giant newts
  A goblin skeleton (D:2)
  A goblin zombie (D:2)
  A jackal zombie (D:2)
  22 kobolds
  17 rats
  13 ballistomycetes
  A bush (D:15)
841 creatures vanquished.

Vanquished Creatures (collateral kills)
  A tengu warrior (D:14)
  4 ugly things
  A black mamba (Lair:3)
  An insubstantial wisp (Swamp:1)
  2 orc warriors (Bailey)
  An electric eel (Lair:8)
  2 gnolls (D:13)
  2 giant spores
  2 goblins (D:13)
16 creatures vanquished.

Vanquished Creatures (others)
  An ugly thing (D:15)
  A spiny frog (Lair:8)
  A shadow (Swamp:1)
  A yak (Lair:8)
  2 water moccasins
  A vampire mosquito (Lair:8)
  A wolf (Lair:8)
  An eye of draining (D:15)
  A phantom (D:14)
  2 brain worms (D:15)
  2 giant frogs (Lair:8)
  2 jellies
  2 crimson imps
  An adder (Lair:4)
  A shadow imp (D:15)
  A giant cockroach (D:14)
  3 giant spores
  11 bushes (D:15)
  2 fungi
  3 plants (Lair:8)
40 creatures vanquished.

Grand Total: 897 creatures vanquished

Notes
Turn   | Place    | Note
--------------------------------------------------------------
     0 | D:1      | PolkaDot, the Vampire Enchanter, began the quest for the Orb.
     0 | D:1      | Reached XP level 1. HP: 13/13 MP: 3/3
   306 | D:1      | Reached XP level 2. HP: 19/19 MP: 2/4
   324 | D:1      | Learned a level 2 spell: Ensorcelled Hibernation
   665 | D:1      | Reached skill level 5 in Hexes
   923 | D:1      | Reached skill level 5 in Stealth
  1294 | D:2      | Reached skill level 1 in Ice Magic
  1294 | D:2      | Reached XP level 3. HP: 24/24 MP: 0/6
  1374 | D:2      | HP: 1/24 [adder (3)]
  1874 | D:2      | Learned a level 3 spell: Confuse
  2333 | D:2      | Reached XP level 4. HP: 23/30 MP: 7/7
  2334 | D:2      | Found a runed door.
  2340 | D:2      | Noticed a human
  2341 | D:2      | Found a basalt altar of Yredelemnul.
  2486 | D:2      | Gained mutation: You are surrounded by a mild repulsion field (EV +2). [potion of mutation]
  2486 | D:2      | Gained mutation: You tend to lose your temper in combat. [potion of mutation]
  2486 | D:2      | Gained mutation: You are partially covered in slimy green scales (AC +2). [potion of mutation]
  2487 | D:2      | Gained mutation: Your mind is acute. (Int +2) [potion of mutation]
  2487 | D:2      | Gained mutation: You are weak. (Str -2) [potion of mutation]
  2487 | D:2      | Gained mutation: You are frail (-10% HP). [potion of mutation]
  2523 | D:2      | Killed a human
  2523 | D:2      | Reached skill level 6 in Stealth
  2523 | D:2      | Reached XP level 5. HP: 13/31 MP: 1/9
  2678 | D:2      | Noticed Terence
  2682 | D:2      | Killed Terence
  2682 | D:2      | Reached skill level 7 in Hexes
  3349 | D:3      | Reached XP level 6. HP: 36/36 MP: 7/10
  3442 | D:3      | Found a radiant altar of Vehumet.
  3451 | D:3      | Found a burning altar of Makhleb.
  3451 | D:3      | Found a deep blue altar of Sif Muna.
  3457 | D:3      | Became a worshipper of Makhleb the Destroyer
  4083 | D:3      | Found a glowing golden altar of the Shining One.
  4172 | D:4      | Acquired Makhleb's first power
  4172 | D:4      | Reached skill level 8 in Hexes
  4716 | D:5      | Entered Level 5 of the Dungeon
  4981 | D:5      | Reached XP level 7. HP: 41/41 MP: 12/12
  5034 | D:5      | Found a glowing drain.
  5046 | Sewer    | Entered a sewer
  5114 | Sewer    | Noticed Purgy
  5120 | Sewer    | Acquired Makhleb's second power
  5168 | Sewer    | Killed Purgy
  5178 | Sewer    | Reached skill level 9 in Hexes
  5359 | Sewer    | Gained mutation: You can spit poison. [potion of mutation]
  5359 | Sewer    | Gained mutation: You are very weak. (Str -4) [potion of mutation]
  5923 | D:6      | Noticed Edmund
  5928 | D:6      | Killed Edmund
  5928 | D:6      | Reached skill level 5 in Short Blades
  5928 | D:6      | Reached skill level 10 in Hexes
  5928 | D:6      | Reached XP level 8. HP: 46/46 MP: 13/13
  6148 | D:6      | Noticed Blork the orc
  6152 | D:6      | Killed Blork the orc
  6248 | D:6      | Acquired Makhleb's third power
  6307 | D:6      | Found a staircase to the Ecumenical Temple.
  6319 | D:6      | Noticed Tyryt0's ghost (experienced FoFi)
  6323 | D:6      | Lost mutation: You tend to lose your temper in combat. [potion of mutation]
  6348 | D:6      | Killed Tyryt0's ghost
  6348 | D:6      | Reached skill level 11 in Hexes
  6433 | D:6      | Noticed Ijyb
  6443 | D:6      | Killed Ijyb
  6484 | D:6      | Reached skill level 10 in Stealth
  6551 | D:6      | Reached skill level 12 in Hexes
  6774 | D:6      | Reached XP level 9. HP: 41/51 MP: 14/14
  7131 | D:7      | Acquired Makhleb's fourth power
  7620 | D:7      | Reached skill level 13 in Hexes
  8364 | D:8      | Acquired Makhleb's fifth power
  8416 | D:8      | Reached skill level 14 in Hexes
  8441 | D:8      | Found a shattered altar of Ashenzari.
  8443 | D:8      | Identified a -2 rod of shadows (11/11) (You found it on level 8 of the Dungeon)
  8569 | D:8      | Reached XP level 10. HP: 47/56 MP: 10/16
  8692 | D:8      | Noticed Grum
  8706 | D:8      | Killed Grum
  8791 | D:8      | Found a shimmering altar of Xom.
  8814 | D:8      | Found a white marble altar of Elyvilon.
  9277 | D:9      | Reached skill level 15 in Hexes
  9330 | D:9      | Learned a level 4 spell: Enslavement
  9332 | D:9      | Learned a level 1 spell: Apportation
  9335 | D:9      | Learned a level 2 spell: Sure Blade
  9924 | D:9      | Noticed Erolcha
  9961 | D:9      | Killed Erolcha
 10394 | D:9      | Reached skill level 16 in Hexes
 10481 | D:10     | Entered Level 10 of the Dungeon
 10513 | D:10     | Noticed a hill giant
 10516 | D:10     | Killed a hill giant
 10592 | D:10     | Found a staircase to the Orcish Mines.
 10879 | D:10     | Found a staircase to the Lair.
 10918 | D:10     | Noticed Joseph
 10928 | D:10     | Killed Joseph
 10928 | D:10     | Reached XP level 11. HP: 61/61 MP: 10/17
 11326 | D:10     | Reached skill level 17 in Hexes
 11545 | D:10     | Noticed a hill giant
 11561 | D:10     | Killed a hill giant
 11815 | D:11     | Found a shimmering altar of Xom.
 12175 | D:11     | Got a black opal-encrusted scale mail
 12200 | D:11     | Identified the +1 scale mail "Onosivas" {+Fly rN- MP+9 Dex-3} (You found it on level 11 of the Dungeon)
 12291 | D:11     | Noticed a hill giant
 12308 | D:11     | Killed a hill giant
 12308 | D:11     | Reached skill level 10 in Short Blades
 12314 | D:11     | Found a glowing golden altar of the Shining One.
 12413 | D:11     | Reached skill level 18 in Hexes
 12810 | D:12     | Found a glowing golden altar of the Shining One.
 12810 | D:12     | Noticed an angel
 12811 | D:12     | Found a runed door.
 12968 | D:12     | Noticed an unseen horror
 12972 | D:12     | Killed an unseen horror
 13082 | D:12     | Noticed Maurice
 13091 | D:12     | Killed Maurice
 13610 | D:13     | Noticed a hill giant
 13610 | D:13     | Noticed a centaur warrior
 13612 | D:13     | Killed a hill giant
 13614 | D:13     | Killed a centaur warrior
 13614 | D:13     | Reached XP level 12. HP: 66/66 MP: 12/18
 13705 | D:13     | Found a flagged portal.
 13737 | Bailey   | Entered a bailey
 14019 | Bailey   | Reached skill level 15 in Stealth
 14085 | Bailey   | Got a smoking lead ring
 14087 | Bailey   | Identified the ring "Xiober" {SustAb rPois+} (You found it in a bailey)
 14413 | D:13     | Noticed a hill giant
 14413 | D:13     | Reached skill level 19 in Hexes
 14431 | D:13     | Killed a hill giant
 15004 | D:14     | Found Omukamac's Gadget Boutique.
 15008 | D:14     | Noticed Erica
 15037 | D:14     | Killed Erica
 15086 | D:14     | Found a labyrinth entrance.
 15095 | Lab      | Entered a labyrinth
 15220 | Lab      | Noticed a minotaur
 15225 | Lab      | Killed a minotaur
 15333 | D:14     | Reached skill level 20 in Hexes
 15347 | D:14     | Found a portal to a secret trove of treasure.
 15501 | D:14     | Paralysed by a wizard for 6 turns
 15799 | D:14     | Found a large runed door.
 15806 | D:14     | Found a large runed door.
 15938 | D:14     | Found a gate to the Vaults.
 16177 | D:14     | Noticed a centaur warrior
 16179 | D:14     | Killed a centaur warrior
 16393 | D:14     | Noticed an ettin
 16507 | D:14     | Reached XP level 13. HP: 71/71 MP: 7/19
 16613 | D:14     | Found a shattered altar of Ashenzari.
 16616 | D:14     | Found a sacrificial altar of Ru.
 16621 | D:14     | Learned a level 3 spell: Dazzling Spray
 16694 | D:14     | Killed an ettin
 16716 | D:15     | Entered Level 15 of the Dungeon
 16716 | D:15     | Noticed Nessos
 16902 | D:15     | Killed Nessos
 16945 | D:15     | Reached skill level 21 in Hexes
 16967 | D:15     | Found a staircase to the Depths.
 16967 | D:15     | Noticed a fire giant
 16979 | D:15     | Killed a fire giant
 17324 | D:15     | Found a shimmering altar of Xom.
 18209 | Lair:1   | Entered Level 1 of the Lair of Beasts
 18227 | Lair:1   | Found a frozen archway.
 18309 | IceCv    | Entered an ice cave
 19116 | IceCv    | Got a warped spear
 19119 | IceCv    | Got a jewelled long sword
 19120 | IceCv    | Identified the cursed -2 long sword of Subjectivity {venom, rElec rPois+ rF+ HP+9 Dex+3} (You found it in an ice cave)
 19122 | IceCv    | Identified the +8 spear "Dete" {pierce, *Rage rElec rF- MR++} (You found it in an ice cave)
 19222 | Lair:1   | Reached skill level 22 in Hexes
 20645 | Lair:2   | Identified a scroll of acquirement
 21613 | Lair:3   | Reached XP level 14. HP: 76/76 MP: 20/20
 22763 | Lair:4   | Found a glowing silver altar of Zin.
 22791 | Lair:4   | HP: 2/76 [death yak (12)]
 23760 | Lair:5   | Found a hole to the Spider Nest.
 24030 | Lair:5   | Reached skill level 23 in Hexes
 24046 | Lair:5   | Lost mutation: You can spit poison. [potion of cure mutation]
 24046 | Lair:5   | Lost mutation: You are frail (-10% HP). [potion of cure mutation]
 24046 | Lair:5   | Lost mutation: You are very weak. (Str -4) [potion of cure mutation]
 24564 | Lair:5   | Found a staircase to the Swamp.
 25093 | Lair:6   | Noticed Rupert
 25104 | Lair:6   | Killed Rupert
 25551 | Lair:7   | Noticed Maud
 25554 | Lair:7   | Killed Maud
 25753 | Lair:7   | Noticed wojtek's ghost (powerful KoAs)
 25769 | Lair:7   | Killed wojtek's ghost
 26378 | Lair:8   | Entered Level 8 of the Lair of Beasts
 26493 | Lair:8   | Found a viscous altar of Jiyva.
 26493 | Lair:8   | Found a staircase to the Slime Pits.
 26922 | Lair:8   | Reached skill level 24 in Hexes
 27171 | Lair:8   | Reached XP level 15. HP: 90/90 MP: 17/21
 27230 | Lair:8   | Noticed cribozai's ghost (powerful DrTm)
 27335 | Lair:8   | Got a crystal short sword
 27336 | Lair:8   | Identified the +8 short sword "Psuehaot" {vamp, +Inv rElec rC+} (You found it on level 8 of the Lair of Beasts)
 27843 | Lair:8   | Killed cribozai's ghost
 27843 | Lair:8   | Reached skill level 1 in Evocations
 27989 | Swamp:1  | Entered Level 1 of the Swamp
 28421 | Swamp:1  | Identified a cursed +3 rod of the swarm (10/10) (You found it on level 1 of the Swamp)
 29293 | Swamp:2  | Got a spiked ring mail
 29294 | Swamp:2  | Identified the +5 ring mail "Freumudu" {Contam +Fly MR- Str+3 Int+2 Dex+4} (You found it on level 2 of the Swamp)
 29431 | Swamp:2  | Slain by a five-headed hydra

Action                   |  1- 3 |  4- 6 |  7- 9 | 10-12 | 13-15 || total
-------------------------+-------+-------+-------+-------+-------++-------
Melee: Dagger            |   111 |   138 |   344 |   952 |  1384 ||  2929
       Unarmed           |       |       |       |       |     2 ||     2
       Short sword       |       |       |       |       |   236 ||   236
 Cast: Corona            |     6 |       |     3 |       |     3 ||    12
       Ensorcelled Hiber |    20 |    43 |    44 |    93 |   167 ||   367
       Confuse           |       |     2 |    10 |    55 |    41 ||   108
       Enslavement       |       |       |       |     8 |    20 ||    28
       Apportation       |       |       |       |     1 |       ||     1
       Dazzling Spray    |       |       |       |       |    41 ||    41
       Sure Blade        |       |       |       |       |     1 ||     1
 Abil: Evoke Flight      |       |       |       |       |     1 ||     1
       Evoke Invisibilit |       |       |       |       |     1 ||     1
Evoke: Rod               |       |       |       |     4 |     2 ||     6
       Wand              |       |       |       |       |     5 ||     5
  Use: Potion            |     3 |     4 |     6 |    14 |     9 ||    36
       Scroll            |       |     7 |     5 |    25 |    22 ||    59
 Stab: Sleeping          |    19 |    43 |    86 |    92 |   203 ||   443
       Distracted        |     1 |       |     1 |     3 |    11 ||    16
       Confused          |       |     3 |    12 |    24 |    28 ||    67
       Invisible         |       |       |     1 |       |    14 ||    15
  Eat: Corpse            |       |       |       |     2 |     2 ||     4
